 Dungeon Crawl Stone Soup version 0.26.0-10-g1f06aea511 (webtiles) character file.

Game seed: 1792429222350256471

111 Borgoz the Slasher (level 4, -2/37 HPs)
             Began as a Ghoul Gladiator on Jan 18, 2021.
             Slain by a gnoll
             ... wielding a +0 spear
              (3 damage)
             ... on level 3 of the Dungeon.
             The game lasted 00:02:31 (1952 turns).

Borgoz the Slasher (Ghoul Gladiator)                Turns: 1952, Time: 00:02:32

Health: -2/37      AC:  8    Str: 17    XL:     4   Next: 92%
Magic:  3/3        EV: 12    Int:  3    God:
Gold:   130        SH:  0    Dex: 11    Spells: 3/3 levels left

rFire    . . .     SeeInvis .   a - +0 long sword
rCold    + . .     Faith    .   (no shield)
rNeg     + + +     Spirit   .   k - -2 ring mail (curse)
rPois    ∞         Reflect  .   m - +2 hat
rElec    .         Harm     .   c - +0 cloak
rCorr    .         Rampage  .   (no gloves)
Will     .....                  j - +1 pair of boots
Stlth    +.........             (no amulet)
HPRegen  0.00/turn              (no ring)
MPRegen  0.08/turn              (no ring)

@: attractive, slowed, very slow
A: claws 1, cold resistance 1, negative energy resistance 3, inhibited
regeneration, torment resistance, unbreathing
a: no special abilities


You were on level 3 of the Dungeon.
You visited 1 branch of the dungeon, and saw 3 of its levels.

You collected 130 gold pieces.

Inventory:

Hand Weapons
 a - a +0 long sword (weapon)
Missiles
 d - 3 throwing nets (quivered)
Armour
 c - a +0 cloak (worn)
 h - a +0 scale mail
 j - a +1 pair of boots (worn)
 k - a cursed -2 ring mail (worn)
 m - a +2 hat (worn)
Scrolls
 i - 2 scrolls of teleportation
 n - a scroll of blinking {unknown}
Potions
 b - a potion of flight {unknown}
 f - a potion of berserk rage {unknown}
 l - a potion of might {unknown}


   Skills:
 + Level 2.9 Fighting
 * Level 3.6 Long Blades
 - Level 1.7 Throwing
 * Level 2.0 Armour
 + Level 3.2 Dodging


You had 3 spell levels left.
You didn't know any spells.
Your spell library was empty.

Dungeon Overview and Level Annotations

Branches:
Dungeon (3/15)

Altars:
Nemelex Xobeh


Innate Abilities, Weirdness & Mutations

You thrive by killing the living.
You are immune to poison.
You have sharp fingernails.
Your flesh is cold resistant. (rC+)
You are immune to negative energy. (rN+++)
You do not regenerate when monsters are visible.
You are immune to unholy pain and torment.
You can survive without breathing.


Message History

* * * LOW HITPOINT WARNING * * *
The gnoll hits you from afar with a +0 spear.
* * * LOW HITPOINT WARNING * * *
It was a potion of curing.
You feel better. The gnoll barely misses you.
You riposte.
You hit the gnoll.
The gnoll is heavily wounded.
The gnoll closely misses you. The gnoll barely misses you.
The gnoll hits you from afar with a +0 spear.
* * * LOW HITPOINT WARNING * * *
The gnoll hits you but does no damage. x2
Found 11 gold pieces.
The gnoll barely misses you.
You riposte.
You slash the gnoll!
You kill the gnoll!
The gnoll hits you but does no damage. The gnoll is pulled toward you! x2
The gnoll barely misses you. The gnoll is pulled toward you!
The gnoll hits you from afar with a +0 spear.
* * * LOW HITPOINT WARNING * * *
The gnoll barely misses you. The gnoll is pulled toward you! x2
The gnoll hits you from afar with a +0 spear.
You die...

####### ..# ##....(#
####.#.. ##..###'####
#....... ...##......##
#.##.#.# ..##........#.
#.##.#.#
..##...##...#.##.##.#.#
...#..####..#.....g.#.####.#
.###..####..#.....g...$.....
.# #...##...####@###.#####.
.. #........# #.# #.# ##
##......### #.# #.#
####'###.# #.# #.# #...#
#.###.###.#
...##..####.##...##.#
......<..........†...'.....g
#.).##..####.........#.....h
#.......# #####.######.....


You could see 2 gnolls.

Vanquished Creatures
  Natasha (D:3)
  2 adders
  A gnoll (D:3)
  An ooze (D:2)
  A worm (D:3)
  2 dart slugs
  3 leopard geckos
  2 giant cockroaches (D:1)
  4 goblins
  5 hobgoblins
  7 jackals (D:2)
  A quokka (D:2)
  3 bats
  A frilled lizard (D:1)
  10 kobolds
  2 rats
46 creatures vanquished.

Notes
Turn   | Place    | Note
-------+----------+-------------------------------------------
     0 | D:1      | Borgoz the Ghoul Gladiator began the quest for the Orb.
     0 | D:1      | Reached XP level 1. HP: 17/17 MP: 0/0
   175 | D:1      | Found a sparkling altar of Nemelex Xobeh.
   182 | D:1      | Reached XP level 2. HP: 16/24 MP: 1/1
   461 | D:1      | Reached skill level 1 in Armour
   908 | D:1      | Reached XP level 3. HP: 30/30 MP: 2/2
  1409 | D:2      | Found a faded altar of an unknown god.
  1474 | D:2      | Reached XP level 4. HP: 37/37 MP: 3/3
  1930 | D:3      | Noticed Natasha
  1941 | D:3      | Killed Natasha
  1951 | D:3      | HP: 1/37 [gnoll/+0 spear (4)]
  1952 | D:3      | Slain by a gnoll

Illustrated notes

Levels and vault maps discovered:
D:1:      ebering_trefoil_twist, layout_basic, nemelex_xobeh_ov_fountains_minmay
D:2:      layout_basic, chequers_ecumenical_altar_grove, lightli_corner_chamber
D:3:      layout_loops_corners, lemuel_crystal_altar,
          gammafunk_temple_overflow_statue, kennysheep_another_room,
          eino_tiny_chamber, uniq_jessica, uniq_natasha

Skill      XL: |  1  2  3  4 |
---------------+-------------+-----
Long Blades    | 3 |  3.6
Armour         | 1 2 |  2.0
Dodging        | 3 |  3.2
Fighting       | |  2.9
Throwing       | |  1.7

Action                   |  1- 3 |  4- 6 || total
-------------------------+-------+-------++-------
Melee: Long sword        |   114 |    38 ||   152
  Use: Scroll            |     5 |       ||     5
       Potion            |     1 |     2 ||     3
Armor: Scale mail        |    44 |       ||    44
       Leather armour    |     1 |       ||     1
       Ring mail         |    27 |    21 ||    48
Dodge: Dodged            |    93 |    31 ||   124
       Rpst.: Long sword |    19 |    13 ||    32
